Map: Cactus Valley LE (Void)

Players

Mamba - Winner!

  • Race: Zerg Zerg
  • Spawn Location: 7:00

Kashim

  • Race: Zerg Zerg
  • Spawn Location: 1:00

Event: IEM XI Katowice - World Championship 2017

VOD

Have the link to the VOD?

Description

Time

  • Played on: Feb. 27, 2017, 6:01 a.m.
  • Length: 10:52

All games in this series

Show
View Real Time Build Order
Export as new Build Order

Mamba Zerg - Winner!

Build Orders: Pool First, Zergling Baneling 

Get SALT Encoding   

  12  0:00  Drone  
  13  0:12  Overlord  
  13  0:17  Drone  
  14  0:31  Drone x2  
  14  0:35  Drone  
  17  0:44  Extractor  
  17  0:45  Drone  
  17  0:50  Spawning Pool  
  17  0:56  Drone  
  17  1:08  Drone  
  18  1:18  Hatchery  
  18  1:22  Drone  
  18  1:29  Drone  
  19  1:37  Queen  
  21  1:40  Zergling x2  
  21  1:46  Metabolic Boost  
  22  1:53  Overlord  
  22  2:06  Baneling Nest  
  21  2:12  Queen  
  23  2:18  Zergling x4  
  25  2:27  Zergling x2  
  26  2:32  Zergling x2  
  26  2:36  Zergling x2  
  30  2:42  Zergling x2  
  31  2:45  Zergling x4  
  33  2:52  Baneling x2  
  33  2:54  Baneling  
  33  2:55  Baneling  
  33  2:59  Overlord  
  33  3:02  Zergling x6  
  34  3:12  Zergling x4  
  36  3:19  Baneling x2  
  36  3:22  Drone x4  
  36  3:23  Drone  
  41  3:30  Drone x2  
  43  3:38  Drone  
  44  3:41  Drone x2  
  41  3:56  Baneling x2  
  41  3:58  Drone x2  
  41  4:05  Drone x5  
  43  4:10  Overlord  
  43  4:16  Zergling x2  
  43  4:23  Zergling x6  
  43  4:31  Zergling x2  
  44  4:35  Zergling x10  
  44  4:36  Zergling x4  
  51  4:40  Hatchery  
  51  4:43  Baneling x2  
  50  4:50  Zergling x4  
  52  4:57  Zergling x4  
  52  4:59  Baneling x2  
  48  5:15  Zergling x10  
  52  5:24  Overlord  
  52  5:27  Overlord  
  52  5:30  Roach Warren, Extractor  
  52  5:32  Evolution Chamber, Extractor  
  52  5:33  Baneling x2  
  52  5:34  Drone x4  
  52  5:35  Overlord  
  52  5:46  Drone  
  51  5:55  Drone x8  
  53  6:03  Drone  
  53  6:12  Zerg Missile Weapons Level 1, Roach  
  53  6:13  Roach x2  
  53  6:17  Queen  
  61  6:20  Roach x2  
  61  6:24  Baneling x2  
  64  6:31  Roach  
  64  6:32  Roach x2  
  70  6:35  Overlord  
  70  6:36  Extractor  
  68  6:42  Roach x4  
  76  6:53  Drone x6  
  79  6:56  Lair  
  79  6:57  Drone x2  
  81  7:05  Drone x3  
  84  7:12  Overlord  
  84  7:13  Overlord  
  84  7:22  Overlord  
  84  7:23  Overlord  
  84  7:27  Overlord  
  84  7:29  Roach x2  
  88  7:33  Roach x2  
  88  7:34  Roach x5  
  88  7:35  Zergling x4  
  104  7:42  Roach  
  106  7:48  Roach  
  106  7:49  Roach x3  
  114  7:54  Glial Reconstitution  
  114  7:58  Roach x5  
  124  8:11  Overlord  
  123  8:19  Drone x6  
  129  8:25  Zerg Missile Weapons Level 2  
  129  8:30  Roach x4  
  137  8:35  Overlord x2  
  137  8:36  Overlord  
  137  8:38  Extractor  
  135  8:49  Overlord x2  
  135  8:55  Roach x7  
  149  8:57  Ravager x3  
  149  8:58  Ravager  
  153  9:03  Hatchery, Drone x4  
  153  9:04  Drone  
  153  9:06  Roach, Extractor  
  158  9:11  Roach  
  158  9:13  Roach x2  
  158  9:14  Roach  
  166  9:20  Roach x3  
  172  9:26  Roach x3  
  178  9:34  Overlord  
  178  9:36  Overlord  
  178  9:43  Overlord  
  178  9:45  Overlord  
  177  9:54  Roach  
  177  9:55  Roach x7  
  193  10:05  Roach x3  
Show
View Real Time Build Order
Export as new Build Order

Kashim Zerg 

Build Orders: Pool First, Zergling Baneling 

Get SALT Encoding   

  12  0:01  Drone  
  13  0:12  Overlord  
  13  0:17  Drone  
  14  0:30  Drone  
  14  0:31  Drone  
  14  0:35  Drone  
  17  0:43  Extractor  
  17  0:47  Spawning Pool  
  15  0:52  Drone  
  15  0:56  Drone  
  17  1:17  Hatchery  
  16  1:34  Queen  
  16  1:35  Zergling x2  
  16  1:36  Zergling x2  
  20  1:40  Zergling x2  
  21  1:47  Overlord  
  21  2:02  Drone  
  21  2:06  Baneling Nest  
  21  2:10  Metabolic Boost  
  21  2:17  Drone  
  22  2:24  Drone  
  23  2:30  Queen  
  23  2:33  Zergling x2  
  26  2:46  Drone x3  
  26  2:48  Drone  
  30  2:57  Drone x2  
  32  3:08  Drone x3  
  35  3:15  Baneling x4  
  35  3:17  Zergling x2  
  35  3:21  Overlord  
  35  3:39  Zergling x2  
  35  3:40  Zergling x8  
  40  3:48  Baneling x2  
  34  3:57  Zergling x10  
  35  4:05  Zergling x6  
  37  4:11  Zergling x2  
  37  4:17  Drone x2  
  37  4:21  Zergling x2  
  37  4:22  Zergling x4  
  37  4:30  Drone x2  
  33  4:39  Baneling  
  33  4:40  Zergling x4  
  35  4:49  Baneling x2  
  35  4:51  Hatchery  
  34  4:53  Drone  
  34  4:54  Drone  
  34  4:58  Drone x3  
  39  5:01  Zergling x2  
  39  5:12  Zergling x8  
  42  5:16  Baneling  
  42  5:18  Zergling x2  
  43  5:22  Baneling x2  
  43  5:23  Zergling x2  
  44  5:29  Extractor  
  44  5:31  Baneling x2  
  44  5:32  Roach Warren  
  44  5:34  Baneling x2  
  41  5:38  Zergling x2  
  41  5:39  Zergling x4  
  42  5:57  Baneling  
  42  6:03  Zergling x8  
  42  6:04  Zergling x8  
  45  6:09  Queen  
  47  6:18  Drone x3  
  49  6:22  Overlord  
  49  6:23  Overlord  
  49  6:24  Baneling  
  49  6:25  Baneling  
  50  6:27  Baneling x3  
  50  6:37  Overlord x2  
  47  6:54  Drone  
  47  6:55  Drone x8  
  47  6:56  Evolution Chamber  
  55  7:01  Lair  
  55  7:13  Extractor  
  55  7:14  Extractor  
  55  7:15  Drone x3  
  54  7:17  Drone x2  
  54  7:18  Overlord  
  54  7:19  Drone  
  59  7:24  Overlord x2  
  59  7:28  Roach  
  61  7:30  Zerg Missile Weapons Level 1  
  61  7:34  Roach  
  61  7:35  Roach  
  65  7:38  Roach  
  65  7:41  Drone  
  65  7:42  Drone  
  65  7:43  Drone  
  70  7:46  Drone x2  
  70  7:47  Drone  
  73  7:55  Roach x3  
  73  7:57  Roach  
  81  8:02  Roach x2  
  85  8:10  Roach x3  
  87  8:14  Roach  
  87  8:17  Ravager  
  90  8:20  Roach x2  
  94  8:27  Glial Reconstitution  
  94  8:34  Drone  
  94  8:35  Drone x3  
  98  8:44  Overlord  
  98  8:45  Overlord x3  
  98  9:00  Overlord  
  98  9:01  Overlord  
  98  9:04  Drone  
  98  9:05  Drone x6  
  98  9:09  Roach  
  107  9:11  Ravager  
  107  9:13  Ravager x3  
  107  9:14  Ravager x2  
  107  9:15  Drone x2  
  107  9:16  Drone  
  116  9:19  Roach  
  118  9:26  Hydralisk Den  
  117  9:37  Roach x2  
  117  9:38  Roach x4  
  129  9:47  Roach x4  
  129  9:51  Roach x2  
  135  9:58  Roach  
  137  10:00  Overlord x2  
  137  10:01  Overlord, Extractor  
  134  10:17  Roach  
  134  10:18  Roach  
  134  10:19  Roach  
  134  10:20  Roach x5  
  134  10:21  Roach  
  152  10:22  Ravager  

Tags
 
Add a new tag
Caveats
  • Supply blocks, unpowered buildings, or Contaminate may cause inaccurate times.
  • Supply counts are checked every 10 seconds.